 Dungeon Crawl Stone Soup version 0.17.2-1-ge4368a0 (webtiles) character file.

85 4thArraOfDagon the Insei (level 4, -8/23 HPs)
             Began as a Vine Stalker Monk on Aug 6, 2016.
             Was a Believer of Ashenzari.
             Mangled by an iguana (10 damage)
             ... on level 5 of the Dungeon.
             The game lasted 00:03:41 (618 turns).

4thArraOfDagon the Insei (Vine Stalker Monk)         Turns: 618, Time: 00:03:41

Health: -8/23      AC:  8    Str: 14    XL:     4   Next: 48%
Magic:  0/5        EV:  7    Int: 11    God:    Ashenzari [**....]
Gold:   121        SH:  0    Dex: 16    Spells: 0 memorised, 3 levels left

rFire  . . .     SeeInvis .     c - +0 hand axe (elec)
rCold  . . .     Clarity  .     e - +0 chain mail
rNeg   . . .     SustAt   .     (no shield)
rPois  .         Gourm    .     (no helmet)
rElec  .         Spirit   +     (no cloak)
rCorr  .         Warding  .     (no gloves)
rMut   .         Stasis   .     (no boots)
MR     .....                    (no amulet)
Stlth  ..........               (no ring)
                                (no ring)

@: not resistant to hostile enchantments, extremely unstealthy
A: fangs 2, regeneration 1, magic shield, antimagic bite, no device heal 3, rot
immunity
a: Scrying, Renounce Religion


You were on level 5 of the Dungeon.
You worshipped Ashenzari.
Ashenzari was pleased with you.
You were not hungry.

You visited 2 branches of the dungeon, and saw 6 of its levels.

You collected 121 gold pieces.

Inventory:

Hand Weapons
 c - a +0 hand axe of electrocution (weapon)
Armour
 a - a +0 robe
 e - a +0 chain mail (worn)
Jewellery
 i - an uncursed amulet of clarity
Scrolls
 d - a scroll of blinking {unknown}
 f - a scroll of identify {unknown}
Potions
 h - a potion of degeneration {unknown}
 j - a potion of lignification {unknown}
 k - a potion of curing {unknown}
Comestibles
 b - 2 bread rations
 g - a slice of pizza


   Skills:
 - Level 2.6 Fighting
 * Level 3.1 Axes
 - Level 2.5 Dodging
 - Level 2.4 Stealth
 - Level 4.3 Unarmed Combat


You had 3 spell levels left.
You didn't know any spells.

Dungeon Overview and Level Annotations

Branches:
Dungeon (5/15)             Temple (1/1) D:4

Altars:
Ashenzari
Dithmenos
Elyvilon
Fedhas
Gozag
Makhleb
Nemelex Xobeh
Okawaru
Trog
Vehumet
Xom
Zin

Annotations:
D:5 Eustachio


Innate Abilities, Weirdness & Mutations

You have extremely sharp teeth.
Your natural rate of healing is unusually fast.
When hurt, damage is shared between your health and your magic reserves.
Your bite disrupts and absorbs the magic of your enemies.
Potions and wands cannot restore your health.
You are immune to rotting.


Message History

The iguana bites you.
You slash the iguana! You bite the iguana, but do no damage.
The iguana is severely wounded.
The iguana bites you but does no damage.
You hear a distant slurping noise.
You closely miss the iguana.
The iguana is severely wounded.
The iguana barely misses you. The iguana bites you!
* * * LOW HITPOINT WARNING * * *
Unknown command.
You closely miss the iguana.
The iguana is severely wounded.
The iguana bites you.
* * * LOW HITPOINT WARNING * * *
Unknown command.
Unknown command.
You hit the iguana but do no damage.
The iguana is severely wounded.
The iguana bites you!
You die...

#<##### .. #.# ..
#.# #. #.# ### #.
#.# ..# #.
#.##############.#
#.
#.†..........)##.#
#.
#############l##.#
###. #@#{#.## #..5
#.###...########.##
#.# ##.....@...@5#
## #...##########
#.#.## #.##.# ##
#.# #.. ###


You could see an iguana.

Vanquished Creatures
  An orc wizard (D:4)
  A worker ant (D:4)
  2 adders (D:5)
  An ooze (D:1)
  An orc (D:3)
  2 ball pythons
  2 giant cockroaches
  2 giant newts
  2 goblins
  A kobold (D:1)
  2 fungi (D:3)
17 creatures vanquished.

Notes
Turn   | Place    | Note
--------------------------------------------------------------
     0 | D:1      | 4thArraOfDagon the Vine Stalker Monk began the quest for the Orb.
     0 | D:1      | Reached XP level 1. HP: 11/11 MP: 2/2
    18 | D:1      | Reached XP level 2. HP: 16/16 MP: 1/3
   218 | D:4      | Reached XP level 3. HP: 11/19 MP: 2/4
   232 | D:5      | Entered Level 5 of the Dungeon
   330 | D:4      | Reached XP level 4. HP: 19/23 MP: 5/5
   360 | D:4      | Found a staircase to the Ecumenical Temple.
   366 | Temple   | Entered the Ecumenical Temple
   465 | Temple   | Became a worshipper of Ashenzari the Shackled
   465 | Temple   | Reached * piety under Ashenzari
   465 | Temple   | Reached ** piety under Ashenzari
   466 | Temple   | WOW
   579 | D:5      | Noticed Eustachio
   618 | D:5      | Mangled by an iguana

Action                   |  1- 3 |  4- 6 || total
-------------------------+-------+-------++-------
Melee: Unarmed           |     9 |       ||     9
       Hand axe          |    30 |    25 ||    55
 Stab: Sleeping          |     4 |       ||     4
